 Dungeon Crawl Stone Soup version 0.31.0-11-ge490571c62 (webtiles) character file.

Game seed: 7931369349629884462

1494479 gosagan the Slayer (level 27, 269/269 HPs)
             Began as a Hill Orc Berserker on Feb 2, 2024.
             Was a High Priest of Trog.
             Escaped with the Orb
             ... and 3 runes!
             The game lasted 05:46:58 (87006 turns).

gosagan the Slayer (Hill Orc Berserker)            Turns: 87006, Time: 05:46:59

Health: 269/269    AC: 32    Str: 37    XL:     27
Magic:  23/23      EV: 14    Int: 10    God:    Trog [*****.]
Gold:   4516       SH: 32    Dex: 15    Spells: 26/26 levels left

rFire   + + .        a - +10 broad axe of Nustal {freeze, *Noise Int+2 Dex+7 SInv}
rCold   + . .        R - +10 tower shield of Ignorance {rN+ Int-4}
rNeg    + . .        t - +0 gold dragon scales
rPois   +            C - +0 helmet {Int+3}
rElec   +            X - +2 cloak
rCorr   .            W - +0 pair of gloves
SInv    +            p - +2 pair of boots of the Ward {rElec}
Will    ++...        Y - amulet of Past Mistakes {Faith Str+3} Stlth
                     E - ring "Qicretya" {Fire Int+2}
HPRegen 0.64/turn    J - ring of protection from cold
MPRegen 0.18/turn

%: random rage (3%), faith
@: studying 2 skills
A: berserk 1, clumsy 1, deformed body, mutation resistance 1, sturdy frame 1,
persistent drain
0: Orb of Zot
}: 3/15 runes: barnacled, slimy, gossamer
a: Renounce Religion, Berserk, Trog's Hand, Brothers in Arms


You escaped.
You worshipped Trog.
Trog was extremely pleased with you.
You visited 10 branches of the dungeon, and saw 51 of its levels.
You visited 1 bazaar.
You visited 1 ziggurat, and saw 4 of its levels.

You collected 6456 gold pieces.
You spent 1940 gold pieces at shops.

Inventory:

Hand Weapons
 a - the +10 broad axe of Nustal (weapon) {freeze, *Noise Int+2 Dex+7 SInv}
   (You found it on level 5 of the Dungeon)

   Int+2:     It affects your intelligence (+2).
   Dex+7:     It affects your dexterity (+7).
   SInv:      It lets you see invisible.
   *Noise:    It may make a loud noise when swung.
 b - a +8 heavy broad axe
 Q - the +3 dagger of Beutrus {protect, rElec rN+}
   (You found it on level 3 of the Lair of Beasts)

   rElec:     It insulates you from electricity.
   rN+:       It protects you from negative energy.
Missiles
 o - 2 boomerangs (quivered)
 D - 2 javelins
 G - 7 throwing nets
 O - 9 silver javelins
Armour
 p - the +2 pair of boots of the Ward (worn) {rElec}
   (You found it on level 3 of the Vaults)

   rElec:     It insulates you from electricity.
 q - the +0 pair of boots "Obyhuj" {rPois rCorr Dex+5}
   (You found it on level 4 of the Spider Nest)

   Dex+5:     It affects your dexterity (+5).
   rPois:     It protects you from poison rCorr: It protects you from acid and
   corrosion.
 t - +0 gold dragon scales (worn)
 u - a +4 plate armour of fire resistance
 y - a +2 helmet of see invisible
 C - a +0 helmet of intelligence (worn)
 R - the +10 tower shield of Ignorance (worn) {rN+ Int-4}
   (You found it on level 5 of the Pits of Slime)

   Int-4:     It affects your intelligence (-4).
   rN+:       It protects you from negative energy.
 W - a +0 pair of gloves (worn)
 X - a +2 cloak (worn)
Jewellery
 i - a +4 ring of protection
 k - an amulet of regeneration
 w - the ring "Jaloyfir" {rN+ Str-4 Slay+6}
   (You took it off a purple draconian on level 5 of the Realm of Zot)

   [ring of positive energy]

   Str-4:     It affects your strength (-4).
   Slay+6:    It affects your accuracy & damage with ranged weapons and melee
   (+6).
   rN+:       It protects you from negative energy.
 E - the ring "Qicretya" (left hand) {Fire Int+2}
   (You found it on level 5 of the Pits of Slime)

   [ring of fire]

   Fire:      It enhances your fire magic.
   Int+2:     It affects your intelligence (+2).
   rF+:       It protects you from fire.
   rC-:       It makes you vulnerable to cold.
 J - a ring of protection from cold (right hand)
 M - a ring of poison resistance
 Y - the amulet of Past Mistakes (around neck) {Faith Str+3}
   (You bought it in a shop on level 2 of the Orcish Mines)

   [amulet of faith]

   Faith:     It allows you to gain divine favour quickly.
   Str+3:     It affects your strength (+3).
Wands
 d - a wand of digging (6)
 g - a wand of quicksilver (7)
 H - a wand of flame (62)
 V - a wand of paralysis (32)
Scrolls
 e - 3 scrolls of teleportation
 h - a scroll of silence
 j - 11 scrolls of immolation
 l - 7 scrolls of poison
 s - a scroll of brand weapon
 v - a scroll of acquirement
 x - 4 scrolls of fog
 A - 18 scrolls of identify
 B - 5 scrolls of vulnerability
 P - 6 scrolls of fear
Potions
 c - 3 potions of lignification
 m - 10 potions of curing
 n - 4 potions of might
 z - 2 potions of berserk rage
 I - 8 potions of enlightenment
 K - 4 potions of attraction
 T - 4 potions of magic
 U - 6 potions of degeneration
Miscellaneous
 f - a phantom mirror
 r - a phial of floods
 L - a lightning rod (4/4)
 Z - a tin of tremorstones (2/2)


   Skills:
 - Level 26.2 Fighting
 - Level 23.5(24.0) Axes
 - Level 6.6(14.7) Maces & Flails
 - Level 17.0 Throwing
 + Level 25.1 Armour
 - Level 12.0 Dodging
 - Level 21.0 Shields
 - Level 9.0 Evocations


You had 26 spell levels left.
You didn't know any spells.
Your spell library was empty.

Dungeon Overview and Level Annotations

Branches:
Dungeon (15/15)            Temple (0/1) D:5            Lair (5/5) D:11
 Shoals (4/4) Lair:3       Spider (4/4) Lair:3        Slime (5/5) Lair:5
    Orc (2/2) D:10            Elf (3/3) Orc:2        Vaults (4/5) D:14
  Crypt (0/3) Vaults:3     Depths (4/4) D:15            Zot (5/5) Depths:4

Altars:
Dithmenos
Elyvilon
Kikubaaqudgha
Nemelex Xobeh
Okawaru
Qazlal
Sif Muna
Trog
Uskayaw
Vehumet
Xom
Zin
The Shining One
Jiyva

Shops:
D:8 =   D:9 :   Orc:2 (*[=[   Shoals:1 :   Vaults:1 [   Depths:3 ([

Portals:
Hell: Depths:1 Depths:3 Depths:4
Abyss: D:15 Depths:3
Pandemonium: Depths:3
Trove: D:10 (give +3 gold dragon scales)

Annotations:
D:3 2 runed translucent doors, Arctor's ghost, amateur DEFE; Crazy Yiuf
D:12 Urug
D:15 2 transporters, Ofemazen's ghost, journeyman SpEn
Vaults:4 2 transporters, Ukiefoc's ghost, adept DrFE; theMacoje's ghost, adept OnHs; wjh11's ghost, veteran MiBe
Zot:1 3 runed translucent doors, Juzit's ghost, legendary GnFi
Zot:5 3 runed translucent doors, Esekla's ghost, legendary VSWr


Innate Abilities, Weirdness & Mutations

You sometimes lose your temper in combat.
You are clumsy. (Dex -2)
Armour fits poorly on your strangely shaped body.
You are somewhat resistant to further mutation.
Your movements are slightly less encumbered by armour. (ER -2)
Your health recovers twice as slowly from being drained.


Message History

The golden eye is heavily wounded.
The golden eye blinks! x2
You throw a boomerang. The boomerang hits the golden eye!!!
You kill the golden eye!
Trog accepts your kill.
Aiming: Dig
Press: ? - help, Shift-Dir - straight line This square is covered in magical glow.
The rock shatters into small pieces.
The golden eye blinks!
Aiming: Dig
Press: ? - help, Shift-Dir - straight line A rock wall.
This square is covered in magical glow.
The rock shatters into small pieces.
The golden eye blinks at you. You resist with almost no effort.
The golden eye blinks!
Aiming: Dig
Press: ? - help, Shift-Dir - straight line A rock wall.
This square is covered in magical glow.
The rock shatters into small pieces.
The golden eye blinks at you. You resist with almost no effort.
The golden eye blinks!
A rust devil comes into view.
The rust devil screeches!
Aiming: Dig
Press: ? - help, Shift-Dir - straight line A rock wall.
This square is covered in magical glow.
The rock shatters into small pieces.
You feel the effects of Trog's Hand fading.
The kobold shouts!
The kobold throws a stone.
You block the stone.
Your skin stops crawling.
You feel less strong-willed.
The kobold throws a stone.
You block the stone.
There is a fountain of clear blue water here.
There is a staircase leading out of the dungeon here.
You have escaped!

..4..#..#########.#.#.#....#.#
##...#.#§## ###.#.#.###....#
.....#..§§####♣.♣♣....# ######
.#...####§§§☼♣♣.♣.♣.♣∩##
.########§♣§♣§♣8.8.♣♣.§#
.....K...§§♣♣§8§..8♣.♣♣##
#######..♣.♣♣8§§⌠..8.♣..#
##.♣♣.8.§§....8.♣♣#
#....K.4.@.⌠..♣♣
##♣.♣8§......8♣ ♣.♣§8..⌠..8§♣
#♣♣§♣8.§§8♣§♣♣# ♣§♣§♣8.8§♣♣§§#
#§∩§♣..♣♣§..## ####.♣♣.♣####
######


You could see a rust devil and a kobold.

Vanquished Creatures
  Dissolution (Slime:3)
  the Royal Jelly (Slime:5)
  5 dread liches
  7 ancient liches (Zot:5)
  3 orbs of fire
  Xtahua (Depths:3)
  Boris (Depths:4)
  3 curse toes
  5 Killer Klowns
  Margery (Vaults:2)
  3 golden dragons
  Nikola (Vaults:1)
  A bone dragon (Depths:4)
  A Tzitzimitl (D:4)
  2 electric golems (Zot:5)
  Jorgrun (D:14)
  An Ice Fiend (D:5)
  Zenata (Elf:1)
  12 tentacled monstrosities
  2 liches (Vaults:1)
  Asterion (Vaults:2)
  A walking divine tome (Depths:3)
  4 sphinxes
  3 quicksilver dragons
  4 deep elf blademasters
  26 Orb Guardians
  An Executioner (Zot:3)
  A searing wretch (Vaults:2)
  A titan (Depths:3)
  26 acid blobs
  A deep elf master archer (Elf:3)
  9 death cobs
  2 tengu reavers
  Agnes (D:13)
  Donald (Spider:1)
  11 rockslimes
  Aizul (Vaults:1)
  7 shadow dragons
  9 storm dragons
  Kirke (D:14)
  5 azure jellies
  2 protean progenitors
  A nargun (Zig:3)
  7 draconian knights
  Ilsuiw (Shoals:3)
  7 emperor scorpions
  5 draconian monks
  4 deep elf sorcerers (Elf:3)
  4 ghost moths
  An iron dragon (Depths:3)
  3 frost giants
  4 deep elf elementalists (Elf:3)
  8 vault wardens
  8 draconian shifters
  2 fire giants
  2 draconian scorchers (Zot:5)
  3 orc warlords
  5 angels
  3 draconian stormcallers
  A broodmother (Spider:2)
  3 spectral caustic shrikes (Depths:2)
  7 draconian annihilators
  7 stone giants
  A spriggan defender (Depths:3)
  2 formless jellyfish
  9 quicksilver oozes
  18 very ugly things
  17 ironbound preservers
  A reaper (Depths:3)
  9 green draconians
  2 vampire knights (Depths:1)
  11 ironbound thunderhulks
  8 yellow draconians
  12 purple draconians
  17 black draconians
  4 dire elephants
  A deep elf demonologist (Elf:3)
  A wendigo (Zig:3)
  10 deep elf death magi
  10 red draconians
  9 white draconians
  5 deep elf annihilators
  2 spark wasps
  2 war gargoyles
  The ghost of Hiebis the Mimic, a journeyman FeSh of Wu Jian (Orc:1)
  An eidolon (Vaults:3)
  4 crystal guardians
  15 merfolk impalers
  9 ettins
  2 blizzard demons
  8 merfolk javelineers
  A spectral quicksilver dragon (Depths:2)
  A spectral golden dragon (Depths:2)
  6 fire dragons
  A yaktaur captain (Vaults:4)
  6 deep elf high priests
  4 peacekeepers
  7 entropy weavers
  7 great orbs of eyes
  Erolcha (D:10)
  3 spectral tengu (Depths:2)
  11 vault guards
  An entropy weaver (shapeshifter) (D:14)
  A hell beast (Depths:3)
  3 ogre magi
  A spectral shadow dragon (Depths:2)
  A caustic shrike simulacrum (Depths:2)
  8 radroaches
  5 rakshasas
  4 jorogumos
  7 ice dragons
  4 catoblepae
  A hydra (D:14)
  An anaconda (Zig:2)
  2 merfolk avatars
  11 centaur warriors
  8 ironbound frosthearts
  2 spriggan air magi (Depths:4)
  6 boulder beetles
  32 dancing weapons
  A spectral frost giant (Depths:2)
  9 two-headed ogres
  An alligator snapping turtle (Shoals:3)
  A two-headed ogre (shapeshifter) (Depths:4)
  4 spectral fire giants (Depths:2)
  3 satyrs
  A death scarab (Spider:2)
  11 merfolk aquamancers
  7 death yaks
  3 deep troll earth magi
  3 hell hogs (Zot:4)
  3 deep troll shamans
  2 demonic crawlers
  9 spriggan berserkers (Depths:4)
  A shock serpent (Zig:2)
  4 vampire magi
  A naga warrior (Orc:1)
  7 tengu warriors
  A naga sharpshooter (Zig:2)
  5 orc high priests (Orc:2)
  Sonja (Lair:2)
  A holy swine (Shoals:3)
  18 deep elf knights
  A soul eater (Vaults:3)
  8 hell knights
  5 iron trolls
  2 pharaoh ants (Spider:2)
  5 skysharks
  20 sea snakes
  3 cherubim (Shoals:4)
  Lodul (D:11)
  2 sixfirhies
  48 deep trolls
  A death drake (Depths:2)
  4 arcanists
  A flayed ghost (Depths:2)
  A glowing orange brain (shapeshifter) (Zig:4)
  2 quicksilver dragon simulacra (Depths:2)
  5 orb spiders
  2 sun moths
  Pikel (D:7)
  2 glowing orange brains
  22 harpies
  17 ironbound convokers
  12 deep elf archers
  A sun moth (shapeshifter) (Elf:2)
  7 lindwurms
  15 orc knights
  10 steelbarb worms
  A phantasmal warrior (Depths:2)
  5 necromancers
  19 deep elf zephyrmancers
  3 spectral spriggans (Depths:2)
  20 ugly things
  A human zombie (Vaults:2)
  24 deep elf pyromancers
  10 cyclopes
  3 orc sorcerers (Orc:2)
  3 meliai (Spider:2)
  6 fauns
  A sphinx simulacrum (Depths:2)
  20 elephants
  17 manticores
  7 shining eyes
  Maurice (D:10)
  20 wolf spiders
  16 moths of wrath
  6 black mambas
  An apocalypse crab (Zig:4)
  4 kobold blastminers
  6 water nymphs
  A rust devil (Zot:5)
  18 vault sentinels
  9 merfolk sirens
  5 eyes of devastation
  A gargoyle (D:12)
  A torpor snail (Lair:3)
  An orange demon (D:10)
  13 cane toads
  An unseen horror (D:11)
  8 rime drakes
  7 komodo dragons
  11 yaktaurs
  A hellion (Zig:3)
  2 efreet (D:14)
  3 human skeletons (Vaults:2)
  2 tengu conjurers (D:14)
  A spectral glowing shapeshifter (Depths:2)
  4 trolls
  5 hellwings
  A polar bear (shapeshifter) (Elf:2)
  24 merfolk
  A red devil (D:10)
  13 blink frogs
  9 polar bears
  Prince Ribbit (D:5)
  6 wind drakes
  23 tarantellas
  9 hornets
  8 snapping turtles
  A blink frog (shapeshifter) (D:14)
  5 glass eyes
  A frost giant simulacrum (Vaults:2)
  An iron dragon simulacrum (Depths:2)
  8 dream sheep
  132 slime creatures
  20 culicivoras
  13 jumping spiders
  Sigmund (D:4)
  A spriggan (shapeshifter) (D:13)
  A shadow (D:12)
  2 air elementals (Elf:1)
  32 water elementals
  2 wyverns (Lair:3)
  6 basilisks
  A small abomination (Zot:4)
  A wraith (D:11)
  77 yaks
  3 vampires
  2 ushabtiu (Zig:1)
  16 spriggans
  7 golden eyes
  A hog (D:14)
  A human (D:10)
  Eustachio (D:6)
  A fire bat (shapeshifter) (D:15)
  2 chaos spawn
  5 wargs
  8 fire elementals
  64 redbacks
  5 vampire mosquitoes (D:12)
  5 steam dragons
  3 neqoxecs
  Menkaure (D:4)
  4 acid dragons
  14 water moccasins
  32 orc warriors
  An ice beast (shapeshifter) (D:14)
  An ice beast (D:5)
  17 ogres
  A sky beast (D:8)
  10 boggarts
  A laughing skull (Vaults:3)
  4 black bears
  2 phantoms
  13 centaurs
  52 wolves
  4 lemures (D:7)
  A kobold brigand (D:11)
  4 earth elementals
  11 bullfrogs
  2 gnoll sergeants
  3 scorpions
  7 wights
  3 killer bees (D:10)
  An electric eel (D:7)
  2 howler monkeys (D:12)
  2 bombardier beetles
  3 jellies (Lair:5)
  7 hounds
  42 orc priests
  2 gnoll boudas
  4 sleepcaps
  Terence (D:2)
  3 iguanas
  28 orc wizards
  2 mummies (Zig:1)
  Robin (D:2)
  14 gnolls
  10 adders
  A shadow imp (D:8)
  A white imp (D:5)
  4 ufetubi (D:6)
  A dart slug (D:2)
  94 orcs
  4 endoplasms
  4 giant cockroaches
  16 goblins
  14 hobgoblins
  21 kobolds
  3 quokkas
  4 ball pythons
  5 bats
  3 frilled lizards (D:1)
  2 rats (D:1)
  A butterfly (Zot:2)
2189 creatures vanquished.

Vanquished Creatures (collateral kills)
  2 Killer Klowns
  2 deep troll earth magi (Depths:4)
  An iron troll (Depths:4)
  A deep troll (Depths:4)
  A faun (Shoals:2)
  A steelbarb worm (shapeshifter) (Zot:2)
  A merfolk (Shoals:2)
  2 chaos spawn (Zot:2)
  2 spectral weapons (Vaults:2)
13 creatures vanquished.

Vanquished Creatures (others)
  An ironbound frostheart (Vaults:2)
  A merfolk aquamancer (Shoals:4)
  A hell knight (Depths:4)
  3 deep trolls (Vaults:1)
  2 yaktaurs (Vaults:1)
  A merfolk (Shoals:4)
  A slime creature (D:14)
  A gnoll (D:8)
11 creatures vanquished.

Grand Total: 2213 creatures vanquished

Notes
Turn   | Place    | Note
-------+----------+-------------------------------------------
     0 | D:1      | gosagan the Hill Orc Berserker began the quest for the Orb.
     0 | D:1      | Reached XP level 1. HP: 19/19 MP: 1/1
   129 | D:1      | Reached XP level 2. HP: 24/26 MP: 2/2
   243 | D:1      | Reached skill level 5 in Axes
   469 | D:1      | Reached XP level 3. HP: 28/31 MP: 3/3
   809 | D:2      | Noticed Terence
   815 | D:2      | Killed Terence
  1102 | D:2      | Reached XP level 4. HP: 39/39 MP: 4/4
  1282 | D:2      | Found a white marble altar of Elyvilon.
  1392 | D:2      | Noticed Robin
  1553 | D:2      | Reached ** piety under Trog
  1558 | D:2      | Killed Robin
  1581 | D:2      | Reached XP level 5. HP: 44/45 MP: 5/5
  2476 | D:3      | Identified the +1 ring mail "Picumom" {+Blink rPois MP+9
                  | Str+5}
  2490 | D:3      | Identified the +5 hammer "Adwogus" {freeze, Str+3 Int+2}
  2515 | D:3      | Found a runed translucent door.
  2519 | D:3      | Noticed Arctor's ghost (amateur DEFE)
  2573 | D:3      | Found a runed translucent door.
  2574 | D:3      | Noticed Crazy Yiuf
  2865 | D:5      | Entered Level 5 of the Dungeon
  2920 | D:5      | Reached skill level 1 in Maces & Flails
  2934 | D:4      | Reached XP level 6. HP: 51/51 MP: 6/6
  3016 | D:5      | Noticed an ice beast
  3064 | D:4      | Found a stormy altar of Qazlal.
  3137 | D:4      | Noticed Menkaure
  3333 | D:4      | Noticed Sigmund
  3344 | D:4      | Killed Sigmund
  3345 | D:4      | Reached skill level 1 in Throwing
  3345 | D:4      | Reached XP level 7. HP: 57/57 MP: 7/7
  3523 | D:4      | Reached skill level 5 in Maces & Flails
  3649 | D:4      | Killed Menkaure
  4088 | D:5      | Identified the +10 broad axe of Nustal {freeze, *Noise
                  | Int+2 Dex+7 SInv}
  4318 | D:5      | Noticed Prince Ribbit
  4351 | D:5      | Killed Prince Ribbit
  4352 | D:5      | Reached XP level 8. HP: 63/64 MP: 8/8
  4390 | D:5      | Reached *** piety under Trog
  4453 | D:5      | Reached skill level 10 in Axes
  4497 | D:5      | Found a staircase to the Ecumenical Temple.
  4917 | D:6      | Noticed Eustachio
  4936 | D:6      | Killed Eustachio
  4937 | D:6      | Reached skill level 4 in Fighting
  4990 | D:6      | Reached skill level 5 in Fighting
  4994 | D:6      | Reached XP level 9. HP: 72/75 MP: 9/9
  5071 | D:6      | Reached skill level 6 in Fighting
  5650 | D:7      | Found an ancient bone altar of Kikubaaqudgha.
  5653 | D:7      | Found a shimmering blue altar of Sif Muna.
  5656 | D:7      | Found a radiant altar of Vehumet.
  6204 | D:7      | Noticed Pikel
  6209 | D:7      | Reached **** piety under Trog
  6220 | D:7      | Killed Pikel
  6477 | D:7      | Reached skill level 15 in Axes
  6535 | D:7      | Reached XP level 10. HP: 83/83 MP: 10/10
  7974 | D:8      | Found a bloodstained altar of Trog.
  8153 | D:8      | Found Osike's Jewellery Boutique.
  8215 | D:8      | Found a shadowy altar of Dithmenos.
  8337 | D:9      | Reached skill level 7 in Fighting
  8351 | D:9      | Reached skill level 8 in Fighting
  8511 | D:9      | Found Mofrovy's Book Shoppe.
  8628 | D:9      | Reached XP level 11. HP: 85/95 MP: 11/11
  8630 | D:9      | Reached skill level 9 in Fighting
  8670 | D:9      | Found a shimmering altar of Xom.
  8705 | D:9      | Found a hide-covered altar of Uskayaw.
  8972 | D:9      | Found a sparkling altar of Nemelex Xobeh.
  9082 | D:10     | Entered Level 10 of the Dungeon
  9281 | D:10     | Reached ***** piety under Trog
  9288 | D:10     | Reached skill level 10 in Fighting
  9472 | D:10     | Found a staircase to the Orcish Mines.
  9584 | D:10     | Noticed Maurice
  9598 | D:10     | Maurice stole a ring of fire
  9600 | D:10     | Maurice stole the +5 hammer "Adwogus" {freeze, Str+3 Int+2}
  9602 | D:10     | Maurice stole 51 stones
  9609 | D:10     | Maurice stole 692 gold
  9612 | D:10     | Killed Maurice
  9784 | D:10     | Noticed a two-headed ogre
  9790 | D:10     | Killed a two-headed ogre
  9791 | D:10     | Reached skill level 11 in Fighting
  9939 | D:10     | Reached skill level 12 in Fighting
 10025 | D:10     | Noticed Erolcha
 10082 | D:10     | Killed Erolcha
 10428 | D:10     | Found a portal to a secret trove of treasure.
 10631 | D:10     | Reached skill level 13 in Fighting
 10921 | D:11     | Noticed a boulder beetle
 10950 | D:11     | Killed a boulder beetle
 11175 | D:11     | Noticed a two-headed ogre
 11377 | D:11     | Killed a two-headed ogre
 11378 | D:11     | Reached XP level 12. HP: 115/115 MP: 12/12
 11464 | D:11     | Found a staircase to the Lair.
 11578 | D:11     | Noticed Lodul
 11590 | D:11     | Killed Lodul
 12079 | D:11     | Reached skill level 5 in Armour
 12401 | Lair:1   | Entered Level 1 of the Lair of Beasts
 12482 | Lair:1   | Received a gift from Trog
 12790 | Lair:1   | Reached skill level 5 in Throwing
 13413 | Lair:2   | Reached XP level 13. HP: 104/122 MP: 13/13
 13717 | Lair:2   | Reached skill level 10 in Armour
 13862 | Lair:2   | Reached skill level 5 in Dodging
 14013 | Lair:2   | Noticed Sonja
 14015 | Lair:2   | Killed Sonja
 15192 | Lair:3   | Identified the +3 dagger of Beutrus {protect, rElec rN+}
 15540 | Lair:3   | Reached skill level 14 in Fighting
 15548 | Lair:3   | Reached XP level 14. HP: 84/132 MP: 14/14
 15789 | Lair:3   | Received a gift from Trog
 15826 | Lair:3   | Reached skill level 5 in Evocations
 15887 | Lair:3   | Found a hole to the Spider Nest.
 15899 | Lair:3   | You fall into a shaft and drop 1 floor!
 16409 | Lair:3   | Found a staircase to the Shoals.
 17303 | Lair:5   | Entered Level 5 of the Lair of Beasts
 17597 | Lair:5   | Reached skill level 15 in Fighting
 17934 | Lair:5   | Noticed Nessos
 17968 | Lair:5   | Nessos changed into Nessos the glass eye
 17968 | Lair:5   | Noticed Nessos
 17972 | Lair:5   | Killed Nessos the glass eye
 18092 | Lair:5   | Reached skill level 16 in Fighting
 18542 | Lair:5   | Found a staircase to the Slime Pits.
 18555 | Lair:5   | Found a viscous altar of Jiyva.
 18773 | Lair:5   | Reached skill level 17 in Fighting
 18882 | Lair:5   | Reached XP level 15. HP: 143/147 MP: 15/15
 19017 | Lair:5   | Reached skill level 1 in Shields
 19559 | Orc:1    | Entered Level 1 of the Orcish Mines
 19613 | Orc:1    | Received a gift from Trog
 19938 | Orc:1    | Found a runed translucent gate.
 19938 | Orc:1    | Found a runed translucent gate.
 19938 | Orc:1    | Found a runed translucent gate.
 19938 | Orc:1    | Found an iron altar of Okawaru.
 19938 | Orc:1    | Noticed Hiebis's ghost (journeyman FeSh)
 20501 | Orc:2    | Entered Level 2 of the Orcish Mines
 20650 | Orc:1    | Reached skill level 5 in Shields
 20705 | Orc:2    | Found Yjecovi's Armour Boutique.
 21303 | Orc:2    | Found a staircase to the Elven Halls.
 21304 | Orc:2    | Noticed an orc warlord
 21430 | Orc:1    | Killed an orc warlord
 22748 | Orc:2    | Received a gift from Trog
 23050 | Orc:2    | Found Quedapn's Jewellery Emporium.
 23050 | Orc:2    | Found Gouwko's Armour Emporium.
 23051 | Orc:2    | Found Joewireh's General Store.
 23051 | Orc:2    | Found Wihafaus's Weapon Emporium.
 23072 | Orc:2    | Bought a ring of poison resistance for 200 gold pieces
 23080 | Orc:2    | Bought a +4 broad axe of venom for 268 gold pieces
 23567 | D:12     | Identified the +7 hand axe of Beogh's Inspiration
                  | {antimagic, rC+ rN++ rCorr Int-4}
 23727 | D:12     | Noticed Urug
 23904 | D:12     | Reached skill level 10 in Shields
 25590 | D:13     | Found a shimmering blue altar of Sif Muna.
 25617 | D:13     | Reached XP level 16. HP: 157/157 MP: 16/16
 25933 | D:14     | Reached skill level 18 in Fighting
 26630 | D:14     | Noticed Jorgrun
 26630 | D:14     | Reached ****** piety under Trog
 26876 | D:14     | Noticed Kirke
 26993 | D:14     | Killed Jorgrun
 26996 | D:14     | Received a gift from Trog
 27134 | D:14     | Noticed Agnes
 27153 | D:13     | Killed Agnes
 27734 | D:14     | Killed Kirke
 27763 | D:14     | Found a gate to the Vaults.
 27885 | D:14     | You fall into a shaft and drop 1 floor!
 27885 | D:15     | Entered Level 15 of the Dungeon
 28189 | D:15     | Reached skill level 19 in Fighting
 28653 | D:15     | Found a transporter.
 28668 | D:15     | Found a transporter.
 28674 | D:15     | Found a one-way gate to the infinite horrors of the Abyss.
 29131 | D:15     | Found a staircase to the Depths.
 29276 | D:15     | Found a glowing golden altar of the Shining One.
 29544 | Spider:1 | Entered Level 1 of the Spider Nest
 30791 | Spider:1 | Reached skill level 15 in Armour
 30969 | Spider:1 | Noticed Donald
 31274 | Spider:1 | Killed Donald
 31275 | Spider:1 | Reached XP level 17. HP: 168/168 MP: 17/17
 33616 | Spider:2 | Identified the +1 dagger "Wiheck" {freeze, rPois rC+ rCorr
                  | Int+2}
 34935 | Spider:3 | Received a gift from Trog
 35511 | Spider:4 | Entered Level 4 of the Spider Nest
 36356 | Spider:4 | Identified the +6 quarterstaff "Arcanum" {heavy, rC+ Str+3
                  | Dex+2 Stlth+}
 37100 | Spider:4 | Reached XP level 18. HP: 142/176 MP: 18/18
 38162 | Spider:4 | Identified the +0 pair of boots "Obyhuj" {rPois rCorr
                  | Dex+5}
 38209 | Spider:4 | Got a gossamer rune of Zot
 38770 | Orc:2    | Bought the amulet of Past Mistakes {Faith Str+3} for 533
                  | gold pieces
 39050 | Shoals:1 | Entered Level 1 of the Shoals
 39076 | Shoals:1 | You fall into a shaft and drop 1 floor!
 39210 | Shoals:2 | Received a gift from Trog
 39447 | Shoals:2 | Reached skill level 15 in Shields
 39571 | Shoals:2 | Found a flickering gateway to a bazaar.
 39577 | Bazaar   | Entered a bazaar
 39577 | Bazaar   | Found Obiulyo's Jewellery Boutique.
 39577 | Bazaar   | Found Pidwoac's Magic Scroll Shop.
 39577 | Bazaar   | Found Watrod's Weapon Shop.
 39696 | Shoals:2 | Reached XP level 19. HP: 184/184 MP: 19/19
 40444 | Shoals:1 | Found Nymail's Book Shoppe.
 41286 | Shoals:3 | Noticed Ilsuiw
 41387 | Shoals:3 | Reached skill level 10 in Dodging
 41945 | Shoals:3 | Reached skill level 20 in Fighting
 42243 | Shoals:3 | Killed Ilsuiw
 42624 | Shoals:3 | Received a gift from Trog
 42711 | Shoals:4 | Entered Level 4 of the Shoals
 43344 | Shoals:3 | Reached XP level 20. HP: 182/195 MP: 20/20
 43382 | Shoals:4 | Reached skill level 21 in Fighting
 43768 | Shoals:4 | Reached skill level 10 in Throwing
 44441 | Shoals:4 | Identified the +3 buckler "Jyhirph" {rPois}
 44447 | Shoals:4 | Identified the +9 hand axe of Ziqyd {flame, rC++ Str+3
                  | Dex-4 SInv} (Trog gifted it to you on level 4 of the
                  | Shoals)
 44447 | Shoals:4 | Received a gift from Trog
 45190 | Shoals:4 | Found a glowing silver altar of Zin.
 45209 | Shoals:4 | Got a barnacled rune of Zot
 45452 | Shoals:4 | Found a white marble altar of Elyvilon.
 45898 | Shoals:4 | Found a glowing golden altar of the Shining One.
 46341 | Elf:1    | Entered Level 1 of the Elven Halls
 46449 | Elf:1    | Paralysed by an air elemental for 1 turns
 46549 | Elf:1    | Noticed Zenata
 46802 | Vaults:1 | Entered Level 1 of the Vaults
 46809 | Vaults:1 | Received a gift from Trog
 46869 | Vaults:1 | Found a transporter.
 46870 | Vaults:1 | Found a shimmering blue altar of Sif Muna.
 46910 | Vaults:1 | Noticed a dread lich
 47137 | Vaults:1 | Found Juipeh's Antique Armour Shoppe.
 47151 | Vaults:1 | Bought an encrusted cloak for 275 gold pieces
 47151 | Vaults:1 | Identified the +2 cloak of Hospitality {^Contam Rampage
                  | rPois rF-} (You bought it in a shop on level 1 of the
                  | Vaults)
 47563 | Vaults:1 | Identified the serpent talisman "Biletom" {Will+ rCorr}
 47563 | Vaults:1 | Noticed Aizul
 47579 | Vaults:1 | Killed Aizul
 47779 | Vaults:1 | Noticed Nikola
 47853 | Vaults:1 | Killed a dread lich
 47943 | Vaults:1 | Received a gift from Trog
 48145 | Vaults:1 | Reached XP level 21. HP: 173/204 MP: 21/21
 48152 | Vaults:1 | Killed Nikola
 48664 | Vaults:2 | Received a gift from Trog
 48767 | Vaults:2 | Noticed Asterion
 48778 | Vaults:2 | Killed Asterion
 49145 | Vaults:2 | Noticed Margery
 49253 | Vaults:2 | Killed Margery
 50233 | Vaults:2 | Received a gift from Trog
 50736 | Vaults:3 | Found a staircase to the Crypt.
 51045 | Vaults:3 | Identified the +11 hand axe of Vengeance {flame, rN++ Str+3
                  | Int-2} (Trog gifted it to you on level 3 of the Vaults)
 51045 | Vaults:3 | Received a gift from Trog
 51368 | Vaults:3 | Identified the +2 pair of boots of the Ward {rElec}
 52264 | Vaults:4 | Reached XP level 22. HP: 208/213 MP: 22/22
 52282 | Vaults:4 | Received a gift from Trog
 53328 | Vaults:4 | Received a gift from Trog
 53473 | Vaults:4 | Noticed a dread lich
 53487 | Vaults:4 | Killed a dread lich
 53554 | Vaults:4 | Noticed Ukiefoc's ghost (adept DrFE)
 53556 | Vaults:4 | Noticed theMacoje's ghost (adept OnHs)
 53557 | Vaults:4 | Noticed wjh11's ghost (veteran MiBe)
 53609 | Vaults:4 | Found a transporter.
 53629 | Vaults:4 | Found a transporter.
 54092 | Elf:1    | Killed Zenata
 54757 | Elf:1    | Paralysed by an air elemental for 1 turns
 55137 | Elf:2    | Reached skill level 22 in Fighting
 55321 | Elf:2    | Identified the +1 morningstar of Accidental Termination
                  | {flame, rElec} (Trog gifted it to you on level 2 of the
                  | Elven Halls)
 55321 | Elf:2    | Received a gift from Trog
 55519 | Elf:2    | Found a runed translucent gate.
 55520 | Elf:2    | Found a runed translucent gate.
 55520 | Elf:2    | Found a runed translucent gate.
 56138 | Depths:1 | Entered Level 1 of the Depths
 56355 | Depths:1 | Received a gift from Trog
 56773 | Depths:1 | Found a gateway to Hell.
 57626 | Depths:2 | Reached XP level 23. HP: 195/218 MP: 23/23
 58765 | Depths:3 | Noticed Xtahua
 58774 | Depths:3 | Killed Xtahua
 58774 | Depths:3 | Received a gift from Trog
 58872 | Depths:3 | Found a one-way gate leading to the halls of Pandemonium.
 58959 | Depths:3 | Identified the +7 great mace "Ludghuak" {freeze, Fly rPois
                  | Will- SInv}
 58977 | Depths:3 | Found Isucuf's Antique Weapon Shop.
 58981 | Depths:3 | Found Torutid's Antique Armour Shop.
 59045 | Depths:2 | Noticed a dread lich
 59060 | Depths:2 | Killed a dread lich
 60726 | Depths:4 | Entered Level 4 of the Depths
 60726 | Depths:4 | Noticed Boris
 60985 | Depths:4 | Killed Boris
 60986 | Depths:4 | Reached skill level 15 in Throwing
 61264 | Depths:4 | Identified the +0 morningstar "Hestrumy" {heavy, rElec
                  | Str+3 Stlth+} (Trog gifted it to you on level 4 of the
                  | Depths)
 61264 | Depths:4 | Received a gift from Trog
 61582 | Depths:3 | Bought a shiny helmet for 330 gold pieces
 61749 | Vaults:1 | Bought a shiny helmet for 217 gold pieces
 62217 | Depths:4 | Reached skill level 23 in Fighting
 62577 | Depths:4 | Found a gate to the Realm of Zot.
 62608 | Depths:4 | Reached XP level 24. HP: 230/230 MP: 23/23
 62945 | Depths:4 | Found a one-way gateway to a ziggurat.
 63519 | Slime:1  | Entered Level 1 of the Pits of Slime
 63662 | Lair:5   | Received a gift from Trog
 64066 | Lair:5   | Reached skill level 24 in Fighting
 64810 | Slime:3  | Gained mutation: You are weak. (Str -2) [a shining eye]
 64975 | Slime:4  | Noticed Dissolution
 64981 | Slime:3  | Gained mutation: You occasionally shout uncontrollably at
                  | your foes. [a shining eye]
 64987 | Slime:3  | Killed Dissolution
 65106 | Slime:3  | Lost mutation: You occasionally shout uncontrollably at
                  | your foes. [potion of mutation]
 65106 | Slime:3  | Lost mutation: You are weak. (Str -2) [potion of mutation]
 65106 | Slime:3  | Gained mutation: You occasionally lose the ability to drink
                  | potions when taking damage. [potion of mutation]
 65107 | Slime:3  | Lost mutation: You occasionally lose the ability to drink
                  | potions when taking damage. [potion of mutation]
 65107 | Slime:3  | Gained mutation: You are clumsy. (Dex -2) [potion of
                  | mutation]
 65107 | Slime:3  | Gained mutation: Your magical capacity is low. (-10% MP)
                  | [potion of mutation]
 65109 | Slime:4  | Gained mutation: You are dopey. (Int -2) [a shining eye]
 65277 | Slime:5  | Entered Level 5 of the Pits of Slime
 66042 | Slime:5  | Noticed the Royal Jelly
 66058 | Slime:5  | Killed the Royal Jelly
 66806 | Slime:5  | Received a gift from Trog
 66899 | Slime:5  | Gained mutation: You occasionally lose the ability to read
                  | scrolls when taking damage. [a shining eye]
 66936 | Slime:5  | Lost mutation: Your magical capacity is low. (-10% MP)
                  | [potion of mutation]
 66936 | Slime:5  | Lost mutation: You are clumsy. (Dex -2) [potion of
                  | mutation]
 66936 | Slime:5  | Gained mutation: You are robust. (+10% HP) [potion of
                  | mutation]
 66936 | Slime:5  | Gained mutation: You have sharp toenails. [potion of
                  | mutation]
 66937 | Slime:5  | Lost mutation: You are dopey. (Int -2) [potion of mutation]
 66937 | Slime:5  | Lost mutation: You have sharp toenails. [potion of
                  | mutation]
 66937 | Slime:5  | Gained mutation: Your mind is acute. (Int +4, Str/Dex -1)
                  | [potion of mutation]
 66937 | Slime:5  | Lost mutation: You occasionally lose the ability to read
                  | scrolls when taking damage. [potion of mutation]
 67138 | Slime:5  | Gained mutation: Your magical capacity is low. (-10% MP) [a
                  | shining eye]
 67149 | Slime:5  | Lost mutation: You are robust. (+10% HP) [a shining eye]
 67222 | Slime:5  | Found the +10 tower shield of Ignorance {rN+ Int-4}
 67258 | Slime:5  | Identified the ring "Qicretya" {Fire Int+2}
 67276 | Slime:5  | Got a slimy rune of Zot
 67341 | Slime:5  | Identified the +3 battleaxe of Gravity {antimagic, rCorr}
 67754 | Orc:2    | Bought a scroll of teleportation for 39 gold pieces
 67754 | Orc:2    | Bought 2 potions of curing for 78 gold pieces
 68045 | Zot:1    | Entered Level 1 of the Realm of Zot
 68073 | Zot:1    | Noticed an orb of fire
 68082 | Zot:1    | Gained mutation: Your flesh is cold resistant. (rC+) [an
                  | orb of fire]
 68089 | Zot:1    | Killed an orb of fire
 68113 | Zot:1    | Reached skill level 25 in Fighting
 68676 | Depths:1 | Identified a scroll of acquirement
 69062 | Elf:3    | Entered Level 3 of the Elven Halls
 69160 | Elf:3    | Received a gift from Trog
 69182 | Elf:3    | Reached XP level 25. HP: 249/249 MP: 20/20
 69326 | Elf:3    | Identified the +4 scimitar "Ybuimm" {flame, rPois MP+9
                  | Stlth+}
 69357 | Elf:3    | Identified the +0 robe "Akouluuhou" {Rampage rPois SInv
                  | Archmagi}
 69404 | Elf:3    | Identified the ring of Xamim {rPois Int+6 Dex+6}
 69414 | Elf:3    | Identified the +3 leather armour "Edghigha" {Regen+}
 69417 | Elf:3    | Identified the +8 quarterstaff "Caxyiza" {freeze, Str+4
                  | Int+3 SInv}
 69421 | Elf:3    | Identified the +4 glaive of Fundamental Breach {freeze,
                  | ^Drain Int+3 Dex+2}
 70083 | Zot:1    | Found a runed translucent gate.
 70083 | Zot:1    | Found a runed translucent gate.
 70163 | Zot:1    | Found a runed translucent gate.
 70203 | Zot:1    | Noticed Juzit's ghost (legendary GnFi)
 70345 | Zot:1    | Received a gift from Trog
 71298 | Zot:2    | Noticed a Killer Klown
 71302 | Zot:2    | Noticed a Killer Klown
 71306 | Zot:2    | Killed a Killer Klown
 71644 | Zig:1    | Entered Level 1 of a ziggurat
 71779 | Zig:2    | Entered Level 2 of a ziggurat
 71816 | Zig:2    | Identified the +9 mace "Gebbaic" {vamp, Str+5}
 71820 | Zig:3    | Entered Level 3 of a ziggurat
 71823 | Zig:3    | Paralysed by a wendigo for 1 turns
 71828 | Zig:3    | Paralysed by a wendigo for 1 turns
 71832 | Zig:3    | Paralysed by a wendigo for 1 turns
 72069 | Zig:4    | Entered Level 4 of a ziggurat
 72072 | Zig:4    | Noticed a Killer Klown
 72080 | Zig:4    | Killed a Killer Klown
 72844 | Zot:2    | You fall into a shaft and drop 2 floors!
 73422 | Zot:3    | Received a gift from Trog
 73433 | Zot:4    | Reached skill level 26 in Fighting
 73577 | Zot:2    | Noticed a Killer Klown
 73585 | Zot:3    | Killed a Killer Klown
 73618 | Zot:3    | Killed a Killer Klown
 74531 | Zot:2    | Found a shimmering altar of Xom.
 74532 | Zot:2    | Found a glowing silver altar of Zin.
 74532 | Zot:2    | Found a shimmering altar of Xom.
 74548 | Zot:2    | Found a shimmering altar of Xom.
 74549 | Zot:2    | Found a shimmering altar of Xom.
 74630 | Zot:2    | Reached XP level 26. HP: 256/261 MP: 20/20
 75475 | Zot:5    | Entered Level 5 of the Realm of Zot
 75890 | Zot:5    | Found a runed translucent gate.
 75890 | Zot:5    | Found a runed translucent gate.
 75890 | Zot:5    | Found a runed translucent gate.
 75890 | Zot:5    | Found an ancient bone altar of Kikubaaqudgha.
 75890 | Zot:5    | Noticed a dread lich
 75890 | Zot:5    | Noticed a dread lich
 75890 | Zot:5    | Noticed a dread lich
 75890 | Zot:5    | Noticed a dread lich
 75890 | Zot:5    | Noticed Esekla's ghost (legendary VSWr)
 77008 | Orc:1    | Received a gift from Trog
 77048 | Orc:1    | Killed Hiebis's ghost
 77306 | D:15     | Noticed Ofemazen's ghost (journeyman SpEn)
 77448 | Vaults:1 | Found a transporter.
 79124 | Zot:5    | Noticed a Killer Klown
 79729 | Zot:5    | Identified the ring "Jaloyfir" {rN+ Str-4 Slay+6}
 80321 | Zot:5    | Noticed a Killer Klown
 80558 | Zot:5    | Noticed an ancient lich
 80569 | Zot:5    | Killed an ancient lich
 80578 | Zot:5    | Noticed an ancient lich
 80592 | Zot:5    | Noticed an orb of fire
 80594 | Zot:5    | Killed an ancient lich
 80600 | Zot:5    | Gained mutation: Your health recovers twice as slowly from
                  | being drained. [an orb of fire]
 80604 | Zot:5    | Killed an orb of fire
 80614 | Zot:5    | Killed a Killer Klown
 80682 | Zot:5    | Noticed an ancient lich
 80691 | Zot:5    | Killed an ancient lich
 80697 | Zot:5    | Noticed an ancient lich
 80703 | Zot:5    | Killed an ancient lich
 80735 | Zot:5    | Noticed an ancient lich
 80745 | Zot:5    | Killed an ancient lich
 80873 | Zot:5    | Noticed a Killer Klown
 80893 | Zot:5    | Killed a Killer Klown
 80923 | Zot:5    | Noticed an ancient lich
 80931 | Zot:5    | Killed an ancient lich
 80933 | Zot:5    | Noticed an orb of fire
 80935 | Zot:5    | Gained mutation: You occasionally shout uncontrollably at
                  | your foes. [an orb of fire]
 80936 | Zot:5    | Gained mutation: You occasionally lose the ability to drink
                  | potions when taking damage. [an orb of fire]
 80945 | Zot:5    | Noticed a dread lich
 80950 | Zot:4    | Lost mutation: Your mind is acute. (Int +4, Str/Dex -1) [an
                  | orb of fire]
 80951 | Zot:4    | Killed an orb of fire
 81117 | Zot:4    | Lost mutation: Your flesh is cold resistant. (rC+) [potion
                  | of mutation]
 81117 | Zot:4    | Lost mutation: You occasionally shout uncontrollably at
                  | your foes. [potion of mutation]
 81117 | Zot:4    | Gained mutation: You are dopey. (Int -2) [potion of
                  | mutation]
 81117 | Zot:4    | Gained mutation: Armour fits poorly on your strangely
                  | shaped body. [potion of mutation]
 81117 | Zot:4    | Gained mutation: Your movements are slightly less
                  | encumbered by armour. (ER -2) [potion of mutation]
 81117 | Zot:4    | Gained mutation: You are somewhat resistant to further
                  | mutation. [potion of mutation]
 81125 | Zot:5    | Killed a dread lich
 81182 | Zot:5    | Killed a Killer Klown
 81449 | Zot:5    | Noticed a dread lich
 81467 | Zot:5    | Killed a dread lich
 81468 | Zot:5    | Reached XP level 27. HP: 269/269 MP: 20/20
 81853 | Zot:5    | Noticed an ancient lich
 81865 | Zot:5    | Killed an ancient lich
 82346 | Slime:2  | Gained mutation: You sometimes lose your temper in combat.
                  | [a shining eye]
 86106 | Zot:5    | Got the Orb of Zot
 86183 | Zot:5    | Noticed Selliej the pandemonium lord
 86205 | Zot:4    | Noticed Jut Suvoc the pandemonium lord
 86683 | D:9      | Lost mutation: You are dopey. (Int -2) [potion of mutation]
 86683 | D:9      | Lost mutation: You occasionally lose the ability to drink
                  | potions when taking damage. [potion of mutation]
 86683 | D:9      | Lost mutation: Your magical capacity is low. (-10% MP)
                  | [potion of mutation]
 86683 | D:9      | Gained mutation: You are clumsy. (Dex -2) [potion of
                  | mutation]
 86833 | D:4      | Noticed Hiurr the pandemonium lord
 87006 | D:$      | Escaped with the Orb!

Illustrated notes

Levels and vault maps discovered:
D:1:      heliophobic_arrival_enchanted_forest, layout_basic,
          chequers_serial_rivers_large_b
D:2:      layout_basic, basic_altar, uniq_terence, uniq_robin
D:3:      layout_loops_ring, gammafunk_ghost_grave, uniq_crazy_yiuf_cottage
D:4:      layout_loops_ring, grunt_qazlal_clouds, serial_rivers,
          chequers_serial_rivers_micro_e, chequers_serial_rivers_room_b,
          chequers_serial_rivers_small_b, chequers_serial_rivers_room_a,
          chequers_serial_rivers_marsh, uniq_sigmund, uniq_menkaure
D:5:      layout_loops_ring, minmay_temple_entry_slanted, uniq_prince_ribbit1
D:6:      layout_basic, minmay_misc_feat_diagonals, uniq_eustachio
D:7:      kennysheep_housing_project, layout_rooms,
          grunt_temple_overflow_magic_moments, nicolae_overflow_squiral,
          gammafunk_ghost_necromancy, uniq_pikel
D:8:      layout_cave_pools, grunt_dithmenos_shadows, trog_book, serial_shops,
          kennysheep_mini_moat
D:9:      layout_loops_ring, nemelex_spade_bored_becter,
          mainiacjoe_overflow_six_doors_small, mainiacjoe_overflow_brackets,
          serial_shops, shop
D:10:     layout_long_grid, erik_orc_4, nicolae_trove_entry_crystal,
          grunt_ministairs_7, nicolae_neqoxec_dot_bat, uniq_maurice,
          uniq_erolcha
D:11:     layout_irregular_city, erik_lair_orcish_takeover, uniq_lodul
D:12:     layout_roguey, minmay_joined_circles, uniq_urug
D:13:     layout_long_grid, tgw_sif
D:14:     minmay_stepped, layout_basic, erik_vaults_2,
          nicolae_cairo_tiling_large, uniq_agnes, uniq_jorgrun, uniq_kirke
D:15:     grunt_enter_depths_snipers, layout_basic,
          gammafunk_ghost_abyssal_escape, small_statue_alley_a,
          nicolae_tso_swordbearing_angel
Lair:1:   layout_roguey, nicolae_quartered_pool_medium, grunt_megastairs_2,
          lemuel_fruit_tree
Lair:2:   nzn_winding_woodlands_medium [nzn_winding_woodlands_5x5_cross,
          nzn_winding_woodlands_5x15_lazy_stream,
          nzn_winding_woodlands_5x5_three, nzn_winding_woodlands_5x5_default,
          nzn_winding_woodlands_center_pierced_h,
          nzn_winding_woodlands_5x5_checkerboard,
          nzn_winding_woodlands_5x5_default,
          nzn_winding_woodlands_5x15_sidewinder,
          nzn_winding_woodlands_hourglass], layout_misc_corridors, uniq_sonja
Lair:3:   layout_roguey, minmay_shoals_entry_lonely_mermaid,
          hellmonk_spider_entry_life_and_decay
Lair:4:   layout_regular_city, beast_lair_carwin_2
Lair:5:   minmay_lair_end_enchanted_forest, layout_long_grid,
          nicolae_slime_entry_field_trip, uniq_nessos
Shoals:1: cheibrodos_shoals_satyrical_garden, layout_shoals, serial_shops,
          nicolae_lakefront_shop
Shoals:2: nzn_motion_control, layout_shoals, serial_shops, bzr_entry_road,
          nicolae_shoals_nautilus_by_nature
Shoals:3: layout_shoals, nicolae_shoals_drake_roost, uniq_ilsuiw
Shoals:4: shoals_end_hellmonk_holy_island
Spider:1: layout_spider_delve, nicolae_spider_orb_run, uniq_donald
Spider:2: nicolae_spider_hilbert_zone_6 [nicolae_spider_hilbert_4_sides_1_open,
          nicolae_spider_hilbert_4_sides_1_open,
          nicolae_spider_hilbert_4_sides_1_open,
          nicolae_spider_hilbert_4_sides_1_open,
          nicolae_spider_hilbert_4_sides_1_open,
          nicolae_spider_hilbert_4_sides_1_open,
          nicolae_spider_hilbert_4_sides_1_open]
Spider:3: layout_chambers, nicolae_spider_twisty_arc_passages,
          hangedman_spider_tarantella_strand
Spider:4: grunt_spider_rune_circles
Slime:1:  layout_caves
Slime:2:  layout_caves
Slime:3:  layout_caves
Slime:4:  layout_caves, dissolution_awaits
Slime:5:  slime_pit_nicolae_royal_road_to_ruin
Orc:1:    layout_caves, gammafunk_ghost_fury_of_okawaru
Orc:2:    st_orc_pillars, layout_caves, serial_shops, nicolae_shop_hallway_plus
Elf:1:    elf_arrival_001, layout_onion_city, uniq_zenata
Elf:2:    nicolae_elf_blades_crystal_corner, layout_geoelf_octagon
Elf:3:    minmay_elf_hall_statues, layout_rooms, basic_altar, serial_shops, shop
Vaults:1: nicolae_vaults_closet_pinwheel_5,
          nicolae_vaults_offset_grid_hallway_4, vaults_mumra_lcd,
          nicolae_vaults_tangram_1, v_misc_1, nicolae_vaults_closet_pinwheel_6,
          nicolae_vaults_network_s, v_misc_13, v_alt_pattern_2,
          gammafunk_sealed_library, nicolae_vaults_tetromino_Z_1,
          vaults_room_fours, nicolae_vaults_tetromino_Z_2,
          layout_vaults_omnicross, serial_shops, shop, uniq_nikola, uniq_aizul
Vaults:2: nicolae_vaults_apartment_2, vaults_room_large_hall,
          nicolae_vaults_alarming, nicolae_vaults_sealed_display, v_misc_22,
          hangedman_vaults_hat, grunt_vaults_hallway_short,
          grunt_vaults_bifocal, grunt_vaults_diagonal,
          nicolae_vaults_offset_grid_hallway_3,
          nicolae_vaults_storage_room_water, layout_vaults_maze, uniq_asterion,
          uniq_margery
Vaults:3: nicolae_vaults_mitosis, grunt_vaults_funnel, hangedman_vaults_snaps,
          nicolae_vaults_sightless_eye, v_misc_3,
          minmay_crypt_entry_simple_corners, nicolae_vaults_puzzle_piece,
          vaults_room_pool, nicolae_vaults_little_squares_4,
          nicolae_vaults_octothorpe, nicolae_vaults_apartment_1,
          layout_vaults_ring
Vaults:4: nzn_ghost_randoct, nicolae_vaults_spaceships, vaults_room_large_hall,
          nicolae_vaults_stepped_doors, nicolae_vaults_variable_pillar_hall,
          nicolae_vaults_trapezoid_1, nicolae_vaults_hallways_thing,
          nicolae_vaults_shelves_hall, nicolae_vaults_house_1,
          nicolae_vaults_little_squares_6, nicolae_vaults_what_the_h,
          v_alt_pattern_6, hangedman_vaults_cutoff, nicolae_vaults_trapezoid_3,
          layout_vaults_omnibox
Depths:1: layout_basic, hell_entry, grunt_decor_mini_mirrors,
          minmay_misc_feat_enclosed, drop_trap, lemuel_flamethrower_2
Depths:2: lemuel_river_lethe, pan_entry, hell_entry
Depths:3: minmay_open_boxes_in_corner, layout_gridville, rand_demon_pan_entry_3,
          abyss_entry, hell_entry, minmay_shop_star, uniq_xtahua
Depths:4: grunt_zot_entry_tricorne, layout_gridlike, enter_ziggurat_a,
          minmay_misc_feat_tower, hangedman_coc_ice_floe, uniq_boris
Zot:1:    layout_gridlike, ebering_ghost_rock_garden
Zot:2:    dreamdust_zin_vs_xom, layout_basic
Zot:3:    layout_misc_corridors, regret_index_zotdec_serpentine_scales,
          grunt_megastairs_4, uniq_vv, uniq_tiamat
Zot:4:    kennysheep_bubbly, layout_misc_corridors
Zot:5:    layout_cathedral_of_symmetry, gammafunk_ghost_crypt

Skill      XL: |  1  2  3  4  5  6  7  8  9 10 11 12 13 14 15 16 17 18 19 20 21 22 23 24 25 26 27 |
---------------+----------------------------------------------------------------------------------+-----
Axes           | 5 6 7 8 9 11 15 17 18 19 20 21 22 23 | 23.5
Maces & Flails | 2 4 6 |  6.6
Throwing       | 1 2 5 9 11 13 15 16 17 | 17.0
Fighting       | 5 6 8 13 14 17 19 20 21 22 23 25 26 | 26.2
Dodging        | 4 7 9 10 11 12 | 12.0
Armour         | 9 12 13 15 16 18 19 20 23 25 | 25.1
Evocations     | 4 8 9 |  9.0
Shields        | 10 12 15 18 19 20 21 | 21.0

Action                     |  1- 3 |  4- 6 |  7- 9 | 10-12 | 13-15 | 16-18 | 19-21 | 22-24 | 25-27 || total
---------------------------+-------+-------+-------+-------+-------+-------+-------+-------+-------++-------
  Melee: Hand axe          |   111 |    94 |       |       |       |       |       |       |       ||   205
         Punch             |       |     1 |       |     4 |     3 |       |       |       |       ||     8
         Morningstar       |       |    48 |    55 |       |       |     5 |       |       |       ||   108
         Broad axe         |       |       |   136 |   381 |  1049 |  1026 |  1137 |  1364 |   876 ||  5969
         Dagger            |       |       |       |       |       |       |     4 |       |       ||     4
  Throw: Stone             |     7 |     3 |    47 |       |       |       |       |       |       ||    57
         Boomerang         |       |     8 |     3 |    36 |    67 |   118 |   184 |   377 |   299 ||  1092
         Throwing net      |       |       |       |     1 |       |       |       |       |       ||     1
         Dart              |       |       |       |       |       |       |     1 |       |       ||     1
         Javelin           |       |       |       |       |       |       |    11 |    60 |    54 ||   125
 Invoke: Berserk           |     2 |     1 |       |    15 |     7 |     7 |     3 |     3 |     4 ||    42
         Trog's Hand       |       |       |       |     1 |    18 |    15 |    25 |    33 |    29 ||   121
         Brothers in Arms  |       |       |       |       |       |     1 |     2 |     2 |     5 ||    10
Ability: Evoke Blink       |       |       |       |     1 |       |       |       |       |       ||     1
  Evoke: Wand              |       |       |     3 |    13 |     4 |     3 |     9 |       |     8 ||    40
         Lightning rod     |       |       |       |       |    11 |     2 |    11 |     8 |     4 ||    36
         Phantom mirror    |       |       |       |       |       |       |     1 |       |       ||     1
    Use: Scroll            |     2 |     8 |     1 |    12 |     9 |    12 |     6 |     9 |    17 ||    76
         Potion            |       |       |       |     7 |     2 |     8 |     5 |    14 |    22 ||    58
   Stab: Distracted        |       |       |       |     1 |       |     1 |       |       |       ||     2
         Petrified         |       |       |       |       |     1 |     1 |       |       |       ||     2
 Armour: Animal skin       |    64 |    39 |       |       |       |       |       |       |       ||   103
         Chain mail        |       |    52 |   154 |    54 |       |       |       |       |       ||   260
         Ring mail         |       |       |       |   102 |       |       |       |       |       ||   102
         Plate armour      |       |       |       |    93 |   590 |   917 |   809 |   744 |   323 ||  3476
         Gold dragon scale |       |       |       |       |       |       |       |       |   428 ||   428
         Skin              |       |       |       |       |       |       |       |       |     2 ||     2
  Dodge: Dodged            |    60 |    64 |    66 |   132 |   335 |   407 |   497 |   358 |   216 ||  2135
  Block: Buckler           |       |       |       |       |    88 |    41 |       |       |       ||   129
         Kite shield       |       |       |       |       |       |   566 |   828 |       |       ||  1394
         Tower shield      |       |       |       |       |       |       |     3 |  1342 |  1423 ||  2768
